 Dungeon Crawl Stone Soup version 0.17.1-3-g152610e (webtiles) character file.

544 KarvaRausku the Conjurer (level 7, -2/41 HPs)
             Began as a High Elf Conjurer on Mar 5, 2016.
             Was an Initiate of Sif Muna.
             Killed by divine providence
             ... invoked by an orc priest
              (15 damage)
             ... on level 4 of the Dungeon on Mar 6, 2016.
             The game lasted 00:11:35 (3391 turns).

KarvaRausku the Conjurer (High Elf Conjurer)        Turns: 3391, Time: 00:11:35

Health: -2/41      AC:  2    Str:  7    XL:     7   Next: 6%
Magic:  8/17       EV: 13    Int: 19    God:    Sif Muna [......]
Gold:   208        SH:  0    Dex: 18    Spells: 3 memorised, 12 levels left

rFire  . . .     SeeInvis .     p - +0 falchion
rCold  . . .     Clarity  .     a - +0 robe
rNeg   . . .     SustAt   .     (no shield)
rPois  .         Gourm    .     (no helmet)
rElec  .         Spirit   .     (no cloak)
rCorr  .         Warding  .     (no gloves)
rMut   .         Stasis   .     (no boots)
MR     .....                    (no amulet)
Stlth  ++........               (no ring)
                                (no ring)

@: not resistant to hostile enchantments, unstealthy
A: no striking features
a: Renounce Religion


You were on level 4 of the Dungeon.
You worshipped Sif Muna.
Sif Muna was noncommittal.
You were hungry.

You visited 1 branch of the dungeon, and saw 4 of its levels.

You collected 208 gold pieces.

Inventory:

Hand Weapons
 d - a +0 short sword
 p - a +0 falchion (weapon)
Armour
 a - a +0 robe (worn)
 s - a +2 scale mail of cold resistance
Scrolls
 j - a scroll of recharging {unknown}
 k - 3 scrolls of teleportation {unknown}
 l - 2 scrolls of identify {unknown}
 q - a scroll of enchant weapon {unknown}
 v - a scroll of remove curse {unknown}
Potions
 e - a potion of agility {unknown}
 f - 3 potions of invisibility {unknown}
 h - 4 potions of curing {unknown}
 m - a potion of flight {unknown}
 n - 3 potions of poison {unknown}
 o - a potion of cure mutation {unknown}
 t - a potion of brilliance {unknown}
 u - a potion of heal wounds {unknown}
Books
 b - a book of Conjurations

   Spells                             Type                      Level
   a - Magic Dart                     Conjuration                  1
   b - Searing Ray                    Conjuration                  2
   c - Dazzling Spray                 Conjuration/Hexes            3
   d - Fulminant Prism                Conjuration/Hexes            4
   e - Iskenderun's Mystic Blast      Conjuration                  4
   f - Iskenderun's Battlesphere      Conjuration/Charms           5
 w - a book of Party Tricks

   Spells                             Type                      Level
   a - Summon Butterflies             Summoning                    1
   b - Apportation                    Translocation                1
   c - Tukima's Dance                 Hexes                        3
   d - Alistair's Intoxication        Transmutation/Poison         4
   e - Invisibility                   Hexes                        6
Comestibles
 c - 4 bread rations
 g - 2 meat rations
 i - a fruit
 r - a slice of pizza


   Skills:
 + Level 2.1 Dodging
 - Level 2.1 Stealth
 + Level 6.2 Spellcasting
 + Level 7.3 Conjurations
 + Level 0.0 Hexes


You had 12 spell levels left.
You knew the following spells:

 Your Spells              Type           Power        Failure   Level  Hunger
a - Magic Dart            Conj           ####         1%          1    None
b - Searing Ray           Conj           ####..       1%          2    None
c - Tukima's Dance        Hex            #.......     34%         3    ##.....


Dungeon Overview and Level Annotations

Branches:
Dungeon (4/15)
 Temple: D:4-7

Altars:
Nemelex Xobeh
Qazlal
Ru
Sif Muna
The Shining One


Message History

The searing ray misses the orc warrior.
The orc wizard mumbles some strange words.
The orc wizard seems to speed up.
Casting: Searing Ray
Confirm with . or Enter, or press ? or * to list all spells.
Aiming: Searing Ray
Press: ? - help, Shift-Dir - straight line, f - orc warrior
Aim: an orc warrior, wielding a war axe and wearing a chain mail (moderately wounded)
The searing ray misses the orc warrior.
The orc priest shouts!
The orc priest looks braver for a moment.
The orc warrior hits you with a war axe!
The searing ray hits the orc warrior.
The orc warrior is moderately wounded.
The searing ray hits the orc warrior.
The orc warrior is moderately wounded.
The orc warrior hits you with a war axe!
The orc priest calls down the wrath of Beogh upon you.
Something smites you!
You die...

### #+###.## #.##...##
#
########.#..>..#.##.#
#............o..[.o...
#.#####>....@o.####.##
#........##
##........#
##)#.......
#.#.....### #.##...##
#.###### ###### #.#
.....# #.#


You could see an orc warrior, an orc priest and an orc wizard.

Vanquished Creatures
  Grinder (D:3)
  An ogre (D:4)
  An orc priest (D:2)
  The ghost of cba the Vexing, a weakling FeEn (D:3)
  An orc wizard (D:3)
  A gnoll (D:1)
  8 adders
  An ooze (D:1)
  2 worms (D:2)
  2 giant geckos
  4 orcs
  12 goblins
  7 hobgoblins
  6 jackals
  2 ball pythons
  11 bats
  4 giant cockroaches
  4 giant newts
  7 kobolds
  10 rats
86 creatures vanquished.

Notes
Turn   | Place    | Note
--------------------------------------------------------------
     0 | D:1      | KarvaRausku the High Elf Conjurer began the quest for the Orb.
     0 | D:1      | Reached XP level 1. HP: 11/11 MP: 4/4
   109 | D:1      | Reached XP level 2. HP: 15/17 MP: 1/6
   438 | D:1      | Reached skill level 5 in Conjurations
   438 | D:1      | Reached XP level 3. HP: 21/21 MP: 1/8
   500 | D:1      | Learned a level 2 spell: Searing Ray
   979 | D:2      | Found a sparkling altar of Nemelex Xobeh.
  1096 | D:2      | Reached XP level 4. HP: 27/27 MP: 5/10
  1118 | D:2      | Noticed an earth elemental
  1120 | D:2      | Found a stormy altar of Qazlal.
  1125 | D:2      | Noticed an air elemental
  1125 | D:2      | Noticed a water elemental
  1125 | D:2      | Noticed a fire elemental
  1486 | D:2      | Found a glowing golden altar of the Shining One.
  1988 | D:3      | Noticed cba's ghost (weakling FeEn)
  1993 | D:3      | Killed cba's ghost
  1993 | D:3      | Reached XP level 5. HP: 31/31 MP: 6/12
  2148 | D:3      | Noticed Grinder
  2160 | D:3      | Paralysed by Grinder for 6 turns
  2168 | D:3      | Killed Grinder
  2168 | D:3      | Reached skill level 5 in Spellcasting
  2168 | D:3      | Reached skill level 6 in Conjurations
  2168 | D:3      | Reached XP level 6. HP: 26/36 MP: 1/15
  2255 | D:3      | Found a deep blue altar of Sif Muna.
  2284 | D:3      | Became a worshipper of Sif Muna the Loreminder
  2816 | D:2      | Reached skill level 7 in Conjurations
  3090 | D:4      | Found a sacrificial altar of Ru.
  3151 | D:4      | Reached XP level 7. HP: 41/41 MP: 10/17
  3363 | D:4      | Learned a level 3 spell: Tukima's Dance
  3391 | D:4      | Killed from afar by an orc priest

Action                   |  1- 3 |  4- 6 |  7- 9 || total
-------------------------+-------+-------+-------++-------
Melee: Short sword       |    13 |     6 |       ||    19
       Falchion          |       |     6 |       ||     6
 Cast: Magic Dart        |    50 |    78 |     2 ||   130
       Searing Ray       |     2 |    12 |     2 ||    16
  Eat: Chunk             |     1 |     4 |     1 ||     6
       Fruit             |       |     1 |       ||     1
